[Event "Late-Titled-Tuesday-Blitz-May-28-2024"]
[Site "Chess.com"]
[Date "2024.05.28"]
[Round "1"]
[White "Alex_Sahakyan2006"]
[Black "DanylaBagrov"]
[Result "0-1"]
[WhiteElo "2799"]
[BlackElo "2477"]
[TimeControl "180+1"]
[EndTime "14:08:00 PDT"]
[Termination "DanylaBagrov won by checkmate"]

1. e4 c5 2. Nf3 a6 3. g3 Nc6 4.
Bg2 e6 5. O-O b5 6. a4 Bb7 7.
axb5 axb5 8. Rxa8 Qxa8 9. d4 cxd4 10. Nxd4 Nxd4 11. Qxd4 Nf6 12. Nc3 Bc6 13. Bf4 b4 14. Nd5 Nxd5 15. exd5 Bxd5 16. Bxd5 Qxd5 17. Qxd5 exd5 18. Re1+ Kd8 19. Ra1 f6 20. Ra8+ Ke7 21. Bd2 b3 22. cxb3 g6 23. Bb4+ d6 24. Bc3 Ke6 25.
b4 Bg7 26. Ra7 Bh6 27. b5 Rb8 28. Rxh7 Bc1 29. Rg7 Kf5 30. Rf7 Ke4 31. f3+ Kd3 32. Rxf6 Rxb5 33. Rxg6 d4 34. Rxd6 Be3+ 35. Kg2 Kc4 36.
Be1 Rxb2+ 37. Kh3 Bg1 38. Kg4 Rxh2 39. Ba5 d3 40. Bd8 Bc5 41. Rd7 Bd4 42. Bg5 Re2 43. Rc7+ Kd5 44. Rd7+ Kc4 45. f4 d2 46. Rc7+ Kd3 47.
Rc1 dxc1=Q 48. f5 Qd1 49. Kh5 Rf2+ 50. g4 Rxf5 51. Kg6 Rxg5+ 52. Kxg5 Be3+ 53. Kh4 Qh1+ 54. Kg3 Qg1+ 55. Kh4 Qh2# 0-1

[Event "Late-Titled-Tuesday-Blitz-May-28-2024"]
[Site "Chess.com"]
[Date "2024.05.28"]
[Round "1"]
[White "Veleamater"]
[Black "Sawatdeekhrap"]
[Result "0-1"]
[WhiteElo "2438"]
[BlackElo "2767"]
[TimeControl "180+1"]
[EndTime "14:08:00 PDT"]
[Termination "Sawatdeekhrap won on time"]

1. g3 d5 2. Bg2 c6 3. d3 Bf5 4. Nf3 h6 5. O-O e6 6. Nc3 Nd7 7. Nd4 Bh7 8. e4 Bc5 9. Nb3 Bb6 10. h3 Ne7 11. Kh2 O-O 12. f4 a5 13. a4 Re8 14.
g4 Nc5 15. Nxc5 Bxc5 16. f5 Qc7+ 17. Bf4 Bd6 18. Bxd6 Qxd6+ 19. Kh1 exf5 20. exf5 Kh8 21.
Qf3 Ng8 22. h4 Qb4 23. Rab1 h5 24. gxh5 Qxh4+ 25. Bh3 Nf6 26. Kg2 d4 27. Ne4 Nxe4 28. dxe4 Rxe4 29. Rf2 Rae8 30. Rh1 Qg5+ 31. Kh2 Re3 32.
Qg4 Qf6 33. Bg2 Qe5+ 34. Qf4 Qxf4+ 35. Rxf4 Re2 36. Rc1 c5 37. Kg3 R8e3+ 38. Rf3 Bxf5 39. Rxe3 Rxe3+ 40. Kf4 Bd7 41. Bxb7 Bxa4 42. Bd5 f6 43. b3 Be8 44. Bf3 Rc3 45. Be4 Kg8 46.
Ra1 c4 47. bxc4 a4 48. Rd1 a3 49. Bd3 Bxh5 50. Ra1 Bf7 51. Ke4 a2 52. Kxd4 Ra3 53. c5 Kf8 0-1

[Event "Late-Titled-Tuesday-Blitz-May-28-2024"]
[Site "Chess.com"]
[Date "2024.05.28"]
[Round "1"]
[White "arctic_t00"]
[Black "ZachHKL"]
[Result "0-1"]
[WhiteElo "2638"]
[BlackElo "2377"]
[TimeControl "180+1"]
[EndTime "14:08:01 PDT"]
[Termination "ZachHKL won on time"]

1. d4 Nf6 2. Nf3 d5 3. c3 Bf5 4.
Qb3 Qc8 5. c4 dxc4 6. Qxc4 e6 7.
g3 Nbd7 8. Bg2 Bd6 9. O-O O-O 10.
Nc3 a6 11. e3 h6 12. Qe2 e5 13. h3 Re8 14. Rd1 Rb8 15. b3 b5 16. Bb2 c5 17.
dxc5 Bxc5 18. Rac1 Qd8 19. Nd2 Qe7 20. Nde4 b4 21.
Nxf6+ Nxf6 22. Na4 Ba7 23. Qxa6 Be4 24. Qd6 Qb7 25. Rc7 Qa8 26. Bxe4 Nxe4 27. Qc6 Qxc6 28. Rxc6 Rbc8 29. Rxc8 Rxc8 30. Rd7 Bb8 31. Nb6 Rc2 32. Rd8+ Kh7 33. Rxb8 Rxb2 34. Nc4 Rxf2 35. Rxb4 Rxa2 36. Nxe5 Nxg3 37. Nxf7 Ne2+ 38. Kf1 Ng3+ 39. Ke1 Re2+ 40. Kd1 Rxe3 41. Rb7 Ne4 42. b4 Rxh3 43. b5 Rb3 44.
Kc2 Rb4 45. b6 Nc5 46. Rc7 Na6 47. Rc6 Rf4 48. b7 Nb4+ 0-1

[Event "Late-Titled-Tuesday-Blitz-May-28-2024"]
[Site "Chess.com"]
[Date "2024.05.28"]
[Round "1"]
[White "kingofthenil"]
[Black "szachmistrz2500"]
[Result "1-0"]
[WhiteElo "2922"]
[BlackElo "2501"]
[TimeControl "180+1"]
[EndTime "14:08:02 PDT"]
[Termination "kingofthenil won on time"]

1. Nf3 c5 2. e3 g6 3. d4 Bg7 4. dxc5 Qa5+ 5. Qd2 Qxc5 6. c4 Nf6 7. Nc3 d6 8. b3 O-O 9. Bb2 Nc6 10. Be2 Bf5 11.
O-O a6 12. Rac1 Qa5 13. Rfd1 Ne4 14. Nxe4 Bxe4 15. Bxg7 Kxg7 16. Qxa5 Nxa5 17. Nd2 Bf5 18. e4 Be6 19. f4 Nc6 20. Kf2 f5 21. Ke3 Rad8 22.
Bf3 fxe4 23. Nxe4 Bf5 24. Nc3 Be6 25. Nd5 Rf7 26. Nc7 Bd7 27. c5 e5 28. fxe5 Nxe5 29.
cxd6 Nxf3 30. gxf3 Rf6 31. Rd4 Bc6 32. Rcd1 Rxf3+ 33. Kd2 Rd7 34. Ne6+ Kf6 35. Nc5 Rd8 36. a4 Ke5 37. Kc2 Rf2+ 38. Kc3 Rf3+ 39. Kb4 Rf6 40. d7 Rf7 41. Ka5 h5 42. Kb6 g5 43. Kc7 Rff8 44.
Nxa6 g4 45. Nb4 Bf3 46. R1d2 h4 47. Rd6 g3 48. Nd3+ Ke4 49. hxg3 hxg3 50. Nc5+ Ke3 51. Ne6 g2 52. Rxg2 Bxg2 53. Nxd8 Rxd8 54. Kxd8 Bc6 55. Kc7 1-0

[Event "Late-Titled-Tuesday-Blitz-May-28-2024"]
[Site "Chess.com"]
[Date "2024.05.28"]
[Round "1"]
[White "Caterpiller35"]
[Black "GoltsevDmitry2000"]
[Result "1-0"]
[WhiteElo "2452"]
[BlackElo "2747"]
[TimeControl "180+1"]
[EndTime "14:08:02 PDT"]
[Termination "Caterpiller35 won on time"]

1. d4 e6 2. Nf3 d5 3. Bf4 Nf6 4. e3 c5 5. c3 Nc6 6. Nbd2 a6 7. Bd3 Bd6 8. Bg3 O-O 9. O-O Re8 10. Ne5 Qe7 11. f4 Nd7 12. Qh5 f5 13. Bh4 Nf6 14. Qf3 Qf8 15. h3 Ne4 16. Rad1 Ne7 17. g4 b5 18. Kh2 Bb7 19. Bxe7 Qxe7 20. Rg1 Rf8 21. Rg2 Rac8 22. Rdg1 Rc7 23. gxf5 exf5 24. Qh5 b4 25. Ndf3 Bc8 26. Bxe4 fxe4 27. Ng5 Bf5 28. Ng4 Bg6 29.
Qh4 Rf5 30. Ne5 Bxe5 31. dxe5 bxc3 32. bxc3 Rb7 33. Qg4 Rb6 34. h4 h6 35. Nh3 Rh5 36.
c4 Rxh4 37. Qc8+ Kh7 38. cxd5 Qf7 39. e6 Qf5 40. Rg3 Rb2+ 41. R1g2 Rxg2+ 42. Kxg2 Qxd5 43. e7 Qd2+ 44. Nf2 Rh1 45. Kxh1 Qxf2 46. Rxg6 Qf1+ 47. Kh2 Qf2+ 48. Kh1 Qf3+ 49. Rg2 Qd1+ 50. Kh2 Qh5+ 51.
Kg1 Qd1+ 52. Kh2 Qh5+ 53. Kg3 Qf3+ 54. Kh4 Qxg2 55. Qf5+ 1-0

[Event "Late-Titled-Tuesday-Blitz-May-28-2024"]
[Site "Chess.com"]
[Date "2024.05.28"]
[Round "1"]
[White "kalinchick"]
[Black "SRob2003"]
[Result "0-1"]
[WhiteElo "2381"]
[BlackElo "2670"]
[TimeControl "180+1"]
[EndTime "14:08:06 PDT"]
[Termination "SRob2003 won by resignation"]

1. Nf3 d5 2. d4 Nf6 3. c4 e6 4. Nc3 Bb4 5. cxd5 exd5 6. Qc2 O-O 7. a3 Bxc3+ 8. Qxc3 Ne4 9. Qb3 b6 10. Bf4 Ba6 11.
e3 c5 12. dxc5 bxc5 13. Bxa6 Nxa6 14. O-O c4 15. Qb5 Nac5 16. Rfd1 Rc8 17. Ne5 a6 18. Qb4 Nb3 19. Rab1 Rb8 20. Qe1 Rb5 21. Nxc4 Qe7 22. Ne5 g5 23. Nc6 Qb7 24. a4 Rc5 25. Bxg5 Nxg5 26.
Ne5 Ne4 27. Nd3 Rc2 28. Nf4 Rd8 29. f3 Nf6 30. Qh4 Qb6 31. Qg5+ Kh8 32. Kh1 Rg8 33.
Qe5 Rc6 34. Rxd5 Qb8 35. Qxb8 Rxb8 36. Rf5 Nc5 37. h4 Nxa4 38. Ra5 Nxb2 39. Ra2 Rcb6 40. Rba1 Ra8 41. Ra3 Nc4 42. Rd3 a5 43. Rc3 Ne5 44.
Rcc1 a4 45. Kh2 a3 46. Rd1 a2 47. h5 Rb2 48. Nd5 Nxd5 49. Rxd5 Nxf3+ 50. Kg3 Rb1 51. Rxa2 Rxa2 52. gxf3 Kg7 53. Rd6 h6 54. Kf4 Rb4+ 55. e4 Ra3 56. Rd5 Rbb3 57. Ke5 Rxf3 58. Rd6 Ra5+ 59.
Rd5 Rxd5+ 0-1

[Event "Late-Titled-Tuesday-Blitz-May-28-2024"]
[Site "Chess.com"]
[Date "2024.05.28"]
[Round "1"]
[White "Sanan_Sjugirov"]
[Black "N_Mullodzhanov"]
[Result "1-0"]
[WhiteElo "2990"]
[BlackElo "2518"]
[TimeControl "180+1"]
[EndTime "14:08:07 PDT"]
[Termination "Sanan_Sjugirov won by checkmate"]

1. e4 c6 2. d4 d5 3. Nc3 dxe4 4. Nxe4 Bf5 5. Ng3 Bg6 6. Nf3 Nd7 7. Bd3 Bxd3 8.
Qxd3 e6 9. O-O Ngf6 10. Bf4 Nd5 11. Bd2 Be7 12. c4 N5f6 13. Bf4 O-O 14. Rad1 Nb6 15.
Rfe1 c5 16. Qe2 cxd4 17. Nxd4 Qc8 18. b3 Bb4 19. Rf1 a6 20. Nf3 Nbd7 21. Ne5 Rd8 22. Bg5 Bc3 23. Nxd7 Rxd7 24. Qe3 Bb2 25. Rd2 Rxd2 26. Qxd2 Qc5 27. Be3 Qe5 28. Rd1 h6 29.
Bf4 Qc3 30. Qe2 e5 31. Be3 Ba3 32. Nf5 Bf8 33. h3 Qa5 34. Qf3 Qc7 35. Nxh6+ Kh7 36. Ng4 Nxg4 37. Qxg4 g6 38. Rd7 Qc8 39. Rxf7+ Bg7 40.
Qxc8 Rxc8 41. Rxb7 Rd8 42. g3 Rd1+ 43. Kg2 Ra1 44.
a4 Rb1 45. c5 Kg8 46. c6 Rb2 47. c7 Rc2 48. Rb8+ Kf7 49. c8=Q Rxc8 50. Rxc8 Bf8 51.
Rc6 a5 52. Bd2 Bb4 53. Bxb4 axb4 54. a5 e4 55. Rc4 g5 56. Rxe4 Kg6 57. g4 Kf6 58. f3 Kg6 59. a6 Kf6 60. a7 Kg6 61. a8=Q Kf6 62. Qc6+ Kf7 63. Rxb4 Kf8 64. Rb8+ Ke7 65.
Rb7+ Kd8 66. Qd7# 1-0

[Event "Late-Titled-Tuesday-Blitz-May-28-2024"]
[Site "Chess.com"]
[Date "2024.05.28"]
[Round "1"]
[White "Itay121"]
[Black "katharinareinecke"]
[Result "1-0"]
[WhiteElo "2543"]
[BlackElo "1938"]
[TimeControl "180+1"]
[EndTime "14:08:07 PDT"]
[Termination "Itay121 won on time"]

1. e4 c6 2. Nf3 d5 3. d3 Bg4 4. e5 e6 5. h3 Bxf3 6. Qxf3 c5 7. c3 Nc6 8. Bf4 Qb6 9. Qe2 Nge7 10. g4 Ng6 11. Bg3 Be7 12. Bg2 Bh4 13. O-O Bxg3 14. fxg3 Ngxe5 15. Nd2 c4+ 16. d4 Nd3 17. Bxd5 Nxd4 18.
cxd4 Qxd4+ 19. Kh2 Qxd5 20. Rf5 Qd4 21. Nf3 Qxb2 22.
Qxb2 Nxb2 23. Rb5 c3 24. Rxb7 O-O 25. Rc1 Rfc8 26. Nd4 Nd3 27. Rc2 Ne1 28. Rc1 c2 29. Kg1 e5 30. Nf5 Kh8 31. Nd6 Rc6 32. Nxf7+ Kg8 33. Nxe5 Rc5 34. Rxe1 c1=Q 35. Rxc1 Rxc1+ 36. Kf2 Rc2+ 37. Ke3 Rxa2 38. Nc6 a5 39. Ne7+ Kh8 40. Nf5 a4 41. Nxg7 Ra3+ 42. Kf4 Rg8 43. Ne6 Rc8 44. Kg5 Rxg3 45. h4 a3 46. Ra7 Rb3 47. Kh6 Kg8 48. Rg7+ Kh8 49. Rxh7+ Kg8 50. Rg7+ Kh8 51. g5 Rb6 52.
Rh7+ Kg8 53. Rg7+ Kh8 54. Re7 Kg8 55. g6 1-0

[Event "Late-Titled-Tuesday-Blitz-May-28-2024"]
[Site "Chess.com"]
[Date "2024.05.28"]
[Round "1"]
[White "Mikhail_Golubev"]
[Black "Beaterawn"]
[Result "1/2-1/2"]
[WhiteElo "2639"]
[BlackElo "2365"]
[TimeControl "180+1"]
[EndTime "14:08:08 PDT"]
[Termination "Game drawn by repetition"]

1. e4 c5 2. Nf3 e6 3. d4 cxd4 4. Nxd4 a6 5. Bd3 Nf6 6. O-O Qc7 7. Qe2 d6 8. c4 Be7 9. Nc3 Nbd7 10. f4 b6 11. f5 e5 12. Nc2 Bb7 13. Ne3 Nc5 14. Ned5 Bxd5 15. Nxd5 Nxd5 16. cxd5 O-O 17.
Be3 a5 18. Rac1 Qd8 19. Rc2 Bg5 20. Bf2 Qf6 21. Bb5 Qh6 22. Bc6 Rab8 23. g3 Qh3 24. Re1 g6 25. Bxc5 bxc5 26. Rf1 Rb4 27. a4 Rfb8 28.
Bb5 Rd4 29. b3 f6 30. Bc4 Rb4 31. Ra2 Kg7 32. Rc2 Qh6 33. Qf3 Qh3 34. Re2 h5 35. Qg2 Qxg2+ 36. Kxg2 h4 37. Rf3 gxf5 38. Rxf5 hxg3 39.
hxg3 Rb8 40. Re1 Rh8 41. Rf2 Rh6 42. Rfe2 Rd2 43. Rxd2 Bxd2 44. Rh1 Rxh1 45. Kxh1 Kh6 46. Kg2 Kg5 47. Kf3 f5 48. exf5 Kxf5 49. Bd3+ Kf6 50. Be4 Bc3 51. g4 Kg5 52. Bf5 Bd4 53. Ke4 Kh4 54.
Kf3 Kg5 55. Bd3 Bc3 56. Be4 Bb4 57. Bd3 Bc3 58. Be4 Bb4 59. Bd3 Bc3 1/2-1/2

[Event "Late-Titled-Tuesday-Blitz-May-28-2024"]
[Site "Chess.com"]
[Date "2024.05.28"]
[Round "1"]
[White "Genghis_K"]
[Black "agustinv04"]
[Result "1-0"]
[WhiteElo "2944"]
[BlackElo "2510"]
[TimeControl "180+1"]
[EndTime "14:08:12 PDT"]
[Termination "Genghis_K won by resignation"]

1. e4 e5 2. Nf3 Nc6 3. d4 exd4 4. Nxd4 Nf6 5. Nxc6 bxc6 6. Bd3 d5 7. exd5 cxd5 8.
O-O Be7 9. c4 O-O 10. Nc3 Be6 11. cxd5 Nxd5 12. Bd2 Rb8 13. b3 Bf6 14. Rc1 Nb4 15. Bb1 Nd3 16. Bxd3 Qxd3 17. Bf4 Qf5 18. Bg3 Rfd8 19. Qc2 Rd3 20. Na4 Rc8 21. Nc5 Rc3 22. Qxf5 Bxf5 23. Na4 Rxc1 24. Rxc1 c6 25. Bf4 h6 26.
Be3 Rc7 27. Rd1 Be7 28. Bc5 Bf6 29. f3 Be6 30. Kf2 Bd5 31. Bd4 Be7 32. Nc3 Be6 33.
Be5 Rb7 34. Ne4 Rb5 35. Bd6 Bd8 36. Nc3 Bb6+ 37. Ke2 Ra5 38. Na4 Rh5 39. h3 Rg5 40. g4 Bd5 41. Nc3 Ba5 42. Nxd5 Rxd5 43. Rxd5 cxd5 44.
Kd3 Bb6 45. Be5 a6 46. Bd4 Bc7 47. b4 f6 48. a4 Kf7 49. a5 Ke6 50. b5 axb5 51.
a6 Bb8 52. a7 Bxa7 53. Bxa7 Ke5 54. Bb8+ Ke6 55. Bg3 h5 56. Kd4 b4 57. Be1 b3 58.
Kc3 d4+ 59. Kxb3 f5 60. g5 Ke5 61. Bd2 Kd5 62. Bf4 h4 63. g6 Kc5 64. Be5 d3 65.
Kc3 1-0

[Event "Late-Titled-Tuesday-Blitz-May-28-2024"]
[Site "Chess.com"]
[Date "2024.05.28"]
[Round "1"]
[White "GP9isback23"]
[Black "fitod"]
[Result "1-0"]
[WhiteElo "2673"]
[BlackElo "2388"]
[TimeControl "180+1"]
[EndTime "14:08:12 PDT"]
[Termination "GP9isback23 won by resignation"]

1. d4 g6 2. e3 Bg7 3. Nf3 d6 4.
Be2 Nf6 5. O-O O-O 6. b3 Nbd7 7. Bb2 Re8 8. c4 c5 9. Nc3 cxd4 10. Nxd4 a6 11. Rc1 b6 12. Bf3 Rb8 13. Nc6 Qc7 14.
Nxb8 Qxb8 15. Qd2 Ne5 16. Be2 Bb7 17. Rfd1 Qa8 18. Nd5 Nxd5 19. cxd5 h5 20. f4 Nd7 21. Bxg7 Kxg7 22. b4 Nf6 23. Bf3 Rc8 24.
e4 a5 25. Rxc8 Bxc8 26. e5 Nd7 27. e6 Nf6 28. exf7 Kxf7 29. a3 axb4 30. Qxb4 Qa7 31. h3 Bd7 32. Rb1 b5+ 33. Kh2 Qf2 34. Qb2 Qe3 35. Qc1 Qd4 36. Rb4 Qf2 37. Rb2 Qd4 38.
Qd2 Qc5 39. Rb4 h4 40. Rb3 Qa7 41. Re3 Qa4 42. Qb4 Qc2 43. Qc3 Qf2 44. Qe1 Qb2 45.
Rxe7+ Kf8 46. Re3 Qd4 47. Kh1 Qxf4 48. Rb3 g5 49. Rb4 Qf5 50. Qe3 Kf7 51. Rd4 Qb1+ 52.
Kh2 Qf5 53. Bg4 Nxg4+ 54. hxg4 Qf6 55. Re4 Kg6 56. Kh3 Qf1 57. Kh2 Qf6 58. Rd4 Kf7 59. Qe4 Kg7 60. Rd3 Qf7 61. Rf3 Qg6 62. Qe7+ Kh6 63.
Rf6 Bxg4 64. Rxg6+ Kxg6 65. Qxd6+ Kh5 66. Qc5 Be2 67. d6 Bg4 68. Qxb5 Be6 69. d7 Bxd7 70. Qxd7 g4 71. Qf5+ Kh6 72. Qxg4 h3 73. Kxh3 1-0

[Event "Late-Titled-Tuesday-Blitz-May-28-2024"]
[Site "Chess.com"]
[Date "2024.05.28"]
[Round "1"]
[White "yobdc"]
[Black "OparinGrigoriy"]
[Result "0-1"]
[WhiteElo "2530"]
[BlackElo "3056"]
[TimeControl "180+1"]
[EndTime "14:08:14 PDT"]
[Termination "OparinGrigoriy won on time"]

1. e4 c5 2. Nf3 Nc6 3. Bb5 e5 4. O-O Bd6 5. d3 Nf6 6. Nc3 a6 7. Bxc6 dxc6 8. a4 a5 9. Nd2 g5 10. Nc4 Rg8 11. f3 Bc7 12. Be3 b6 13. Qd2 h6 14. Rf2 Nd7 15. g3 Nf8 16. Kf1 Ne6 17. Ke1 Ba6 18. b3 f6 19. Kd1 b5 20. Nb2 Kf7 21.
Kc1 Qd7 22. Kb1 Rgb8 23. Ka2 Qe7 24. Raf1 c4 25. f4 exf4 26. gxf4 gxf4 27. Bxf4 Nxf4 28. Rxf4 Bxf4 29. Qxf4 cxb3+ 30. cxb3 bxa4 31. Ncxa4 Rg8 32. Qxh6 Rg6 33. Qh7+ Rg7 34. Qh5+ Kg8 35. Rf3 Bc8 36.
Qh4 Be6 37. Rxf6 Rb8 38. Nc4 Bxc4 39. dxc4 Rg2+ 40. Nb2 Qe5 41. Rf2 Rg7 42. Qh3 Qxe4 43. Qc3 c5 44. h4 Qd4 45. Qf3 Re8 46. h5 Qe4 47. Qh3 Qe3 48. Qf1 Rg3 49. Rg2 Qxb3+ 50. Kb1 Rf8 51. Rxg3+ Qxg3 52. Qd1 Qf3 53. Qd7 Qf5+ 54.
Qxf5 Rxf5 55. Ka2 Rxh5 56. Kb3 Kf7 57. Ka4 Ke6 58. Kxa5 Ke5 59. Kb5 Kd4 60. Na4 Rg5 61.
Nb6 Rg1 62. Nd7 Rg7 63. Nb6 Rb7 64. Kc6 Rxb6+ 65. Kxb6 Kxc4 66. Ka5 Kb3 0-1

[Event "Late-Titled-Tuesday-Blitz-May-28-2024"]
[Site "Chess.com"]
[Date "2024.05.28"]
[Round "1"]
[White "Ykow"]
[Black "BogdanDeac"]
[Result "1-0"]
[WhiteElo "2550"]
[BlackElo "3087"]
[TimeControl "180+1"]
[EndTime "14:08:15 PDT"]
[Termination "Ykow won by resignation"]

1. e4 c6 2. Nf3 d5 3. d3 a5 4. exd5 cxd5 5. d4 Nc6 6. Bb5 e6 7. O-O Bd6 8. c3 Ne7 9. a4 O-O 10. Re1 f6 11. c4 Nb4 12. Nc3 Ng6 13. Qb3 Kh8 14. Bd2 Ne7 15. h3 Bd7 16. cxd5 Nexd5 17. Nxd5 exd5 18. Bxd7 Qxd7 19. Re2 Rac8 20. Rae1 b6 21.
Re6 Rfd8 22. R1e2 Qc7 23. Ne1 Qc4 24. Qxc4 dxc4 25. Bc3 Kg8 26. Nc2 Kf7 27. Bxb4 axb4 28. d5 Bc5 29. Ne3 c3 30. bxc3 bxc3 31. Rc2 Ra8 32.
Rxc3 Rxa4 33. Rd3 Ra1+ 34. Kh2 Ra2 35. Kg3 h5 36. Kf3 Ra7 37. Rc6 Rad7 38. Ke4 Re7+ 39.
Kf3 Re5 40. d6 Rd7 41. g4 hxg4+ 42. hxg4 Re6 43. Nc4 g5 44. Rd5 Kg6 45. Nxb6 Bxb6 46.
Rxb6 Kg7 47. Rc6 Kg6 48. Kg3 Kh6 49. f3 Kg6 50. Kf2 Kf7 51. f4 gxf4 52. Kf3 Re5 53. Rd4 Ke6 54. Kxf4 Ra5 55. Re4+ Kd5 56. Rc8 Rxd6 57. Rcc4 Rb5 58. Kf5 Rc5 59. Red4+ Kc6+ 60. Rxc5+ Kxc5 61. Rxd6 Kxd6 62. Kxf6 1-0

[Event "Late-Titled-Tuesday-Blitz-May-28-2024"]
[Site "Chess.com"]
[Date "2024.05.28"]
[Round "1"]
[White "NovakRatko"]
[Black "nindjaxx8"]
[Result "1-0"]
[WhiteElo "2372"]
[BlackElo "2631"]
[TimeControl "180+1"]
[EndTime "14:08:17 PDT"]
[Termination "NovakRatko won by checkmate"]

1. d4 d5 2. c4 e6 3. cxd5 exd5 4. Nc3 Nf6 5. Bg5 Be7 6. f3 O-O 7. e3 b6 8. Bd3 Bb7 9. Nge2 Nbd7 10. Bh4 c5 11.
O-O Re8 12. Rc1 h6 13. Bb1 Nf8 14. Bf2 a6 15. a4 Rc8 16. Kh1 Bd6 17. Ng3 Bb8 18.
Nf5 Ng6 19. Qd3 cxd4 20. exd4 Nf4 21. Qd2 Ng6 22. Qd3 Qd7 23. Bg3 Bxg3 24. Nxg3 Rc4 25. Qd2 Rec8 26. Bd3 R4c7 27. Bf5 Qd8 28. Bxc8 Bxc8 29.
Qd3 Nf4 30. Qd2 N6h5 31. Nce2 Nxe2 32. Qxe2 Rxc1 33. Rxc1 Nxg3+ 34. hxg3 Be6 35. Qxa6 Qg5 36. Rf1 Qxg3 37. Qxb6 h5 38. Qb4 h4 39. Qe1 Qf4 40.
Qe5 Qd2 41. b3 Qd3 42. Qb8+ Kh7 43. Re1 h3 44. Qe5 Qd2 45. Re2 Qd1+ 46. Kh2 Qc1 47.
gxh3 Qh6 48. Qg3 Qc1 49. b4 Qc4 50. Rg2 Qxd4 51. b5 g6 52. Qc7 Qxa4 53. b6 Qa8 54. b7 Qa4 55. b8=Q Qh4 56. Qg3 Qh5 57. Qbf4 d4 58. Qxd4 Kg8 59. Qf6 Qh7 60. Qb8+ Bc8 61. Qxc8# 1-0

[Event "Late-Titled-Tuesday-Blitz-May-28-2024"]
[Site "Chess.com"]
[Date "2024.05.28"]
[Round "1"]
[White "nitpicker"]
[Black "chess94cu"]
[Result "0-1"]
[WhiteElo "2339"]
[BlackElo "2625"]
[TimeControl "180+1"]
[EndTime "14:08:17 PDT"]
[Termination "chess94cu won on time"]

1. d4 Nf6 2. c4 e6 3. g3 d5 4.
Nf3 dxc4 5. Bg2 Nc6 6. Qa4 Bb4+ 7. Bd2 Bxd2+ 8. Nbxd2 O-O 9. Qxc4 Qd5 10. Rc1 Rd8 11. e3 Qxc4 12. Rxc4 Nd5 13. a3 Bd7 14. O-O Be8 15.
Rfc1 a5 16. Ne4 Nce7 17. Ne5 f6 18. Nf3 Bb5 19. Rxc7 Nxc7 20. Rxc7 Rac8 21. Rxc8 Rxc8 22. Nc3 Bc6 23. e4 b5 24. Bh3 Kf7 25. d5 Bd7 26. Nd4 f5 27. dxe6+ Bxe6 28. Nxe6 Kxe6 29. Nxb5 Kf6 30.
Nc3 Rb8 31. Na4 fxe4 32. Kf1 Ke5 33. Ke2 Nc6 34. Ke3 Rb3+ 35. Kd2 Nd4 36. Bf1 Nf3+ 37. Kc2 Nd4+ 38. Kd2 Rf3 39. Ke1 e3 40. fxe3 Rxe3+ 41.
Kd2 Rf3 42. Bc4 Rf2+ 43. Kc3 Rxh2 44. b4 axb4+ 45. axb4 Rg2 46. b5 Rxg3+ 47. Kb4 h5 48. Kc5 Rg6 49. b6 Rc6+ 50. Kb4 Rc8 51. b7 Rb8 52. Nc5 Kd6 53. Ba6 h4 54. Ne4+ Kc7 55. Ng5 Kb6 56. Kc4 Kxa6 57. Kxd4 Rxb7 58. Ke4 Rb4+ 59. Kf3 Kb6 60. Kf2 Kc6 61. Nf3 Kd6 62.
Nh2 Ke6 63. Kg2 g5 64. Nf3 Kf5 65. Kf2 Kf4 0-1

[Event "Late-Titled-Tuesday-Blitz-May-28-2024"]
[Site "Chess.com"]
[Date "2024.05.28"]
[Round "1"]
[White "VD_coach"]
[Black "Oleksandr_Bortnyk"]
[Result "0-1"]
[WhiteElo "2522"]
[BlackElo "3018"]
[TimeControl "180+1"]
[EndTime "14:08:19 PDT"]
[Termination "Oleksandr_Bortnyk won by resignation"]

1. d4 g6 2. Nf3 Bg7 3. c4 Nf6 4. g3 O-O 5. Bg2 d6 6. O-O Bf5 7.
Nc3 Ne4 8. Nxe4 Bxe4 9. Be3 Nc6 10. Qd2 d5 11. c5 a5 12. a3 a4 13. Rac1 Na5 14. Qc3 Nb3 15. Rcd1 c6 16. Bf4 Qa5 17.
Ne5 Bxg2 18. Kxg2 Qxc3 19. bxc3 Bxe5 20. Bxe5 f6 21. Bc7 Rac8 22. Bb6 Rfe8 23. e3 e5 24. Rfe1 Kf7 25. Re2 Re7 26. Rb2 Rce8 27. h4 h5 28.
Rh1 exd4 29. cxd4 Kg7 30. Rh2 Kh6 31. Rh1 Rd7 32. Rh2 Re4 33. Rh1 g5 34. hxg5+ fxg5 35. Rh2 Kg6 36. Rh1 Rf7 37. Rhb1 h4 38. Rh1 Rg4 39.
Rh3 Nc1 40. f3 Rxg3+ 41. Rxg3 hxg3 42. Kxg3 Re7 43. Rc2 Nd3 44. Re2 Nf4 45. Re1 Nd3 46.
Re2 Kf5 47. Bd8 Re6 48. Bc7 Nc1 49. Rc2 Nb3 50. Be5 Rh6 51. Re2 Nxc5 52. Rb2 Nb3 53.
Re2 c5 54. e4+ dxe4 55. fxe4+ Ke6 56. Bg7 Nxd4 57. Bxh6 Nxe2+ 58. Kf3 Nd4+ 59. Ke3 Nc2+ 60. Kd3 Nxa3 61. Bxg5 b5 62. Be3 Kd6 63. e5+ Kc6 64. e6 Nc4 65. Bf4 a3 66. e7 Kd7 67. Bh6 Kxe7 68. Bg7 Kd6 69. Kc3 Kd5 70. Kb3 b4 71. Bf8 Na5+ 72. Ka2 Kc4 73. Be7 Nc6 74. Bd6 Kb5 75. Bf8 c4 0-1

[Event "Late-Titled-Tuesday-Blitz-May-28-2024"]
[Site "Chess.com"]
[Date "2024.05.28"]
[Round "1"]
[White "kaanadayhamle"]
[Black "GAZZAN_3000"]
[Result "1/2-1/2"]
[WhiteElo "2410"]
[BlackElo "2673"]
[TimeControl "180+1"]
[EndTime "14:08:20 PDT"]
[Termination "Game drawn by repetition"]

1. d4 Nf6 2. c4 e6 3. Nc3 Bb4 4.
Qc2 d5 5. f3 O-O 6. e3 c5 7. a3 Bxc3+ 8. bxc3 b6 9. Bd3 Ba6 10.
cxd5 Bxd3 11. Qxd3 exd5 12. Ne2 Nc6 13. O-O Re8 14. Nf4 Qd7 15. Re1 c4 16. Qc2 Re7 17.
Qf2 Rae8 18. Bd2 Na5 19. Re2 Nb3 20. Rae1 Qf5 21. g4 Qc2 22. g5 Nd7 23. Nxd5 Re6 24. Nc7 Nxd2 25. Rxd2 Qxc3 26. Nxe8 Rxe8 27. Rc2 Qb3 28.
e4 b5 29. Re3 Qb1+ 30. Kg2 Nf8 31. f4 Ne6 32. Rd2 c3 33. Rxc3 Qxe4+ 34. Kg3 Qf5 35.
d5 Nf8 36. d6 h5 37. gxh6 Qg6+ 38. Kf3 f5 39. h3 Qxh6 40. Kg2 Ng6 41. Rf3 Nh4+ 42. Kh2 Nxf3+ 43. Qxf3 Qe6 44. d7 Rd8 45. Qd5 Kf7 46. Qxb5 a6 47. Qa4 g5 48. Qd4 gxf4 49.
Qxf4 Rxd7 50. Rxd7+ Qxd7 51. Qc4+ Kg7 52. Qxa6 Qd2+ 53.
Kg1 Qe3+ 54. Kg2 Qe4+ 55. Kg1 Qe3+ 56. Kg2 Qd2+ 57. Kg1 Qe1+ 58. Kg2 Qe4+ 59. Kg1 f4 60. Qa7+ Kg6 61. Qb6+ Kg5 62. Qf2 Qb1+ 63. Kg2 Qb7+ 64.
Qf3 Qb2+ 65. Kg1 Qc1+ 66. Kg2 Qb2+ 67. Kg1 Qc1+ 68. Kh2 Qb2+ 69. Kg1 1/2-1/2

[Event "Late-Titled-Tuesday-Blitz-May-28-2024"]
[Site "Chess.com"]
[Date "2024.05.28"]
[Round "1"]
[White "stolencandy13"]
[Black "egnfanclub"]
[Result "1-0"]
[WhiteElo "2626"]
[BlackElo "2343"]
[TimeControl "180+1"]
[EndTime "14:08:20 PDT"]
[Termination "stolencandy13 won by resignation"]

1. d4 d5 2. Bf4 Nf6 3. e3 Bf5 4.
c4 c6 5. Nc3 e6 6. Qb3 b6 7.
Nf3 Nbd7 8. Be2 Be7 9. h3 h6 10.
O-O O-O 11. Rac1 Ne4 12. cxd5 cxd5 13. Ba6 Bd6 14. Ne5 Bxe5 15. Bxe5 Nxe5 16. dxe5 Nc5 17.
Qa3 Nxa6 18. Qxa6 Qc8 19. Qb5 Qb8 20. f4 a6 21. Qb4 b5 22. Rfd1 Rc8 23. Ne2 Rc4 24. Qd2 Qb6 25. Nd4 Be4 26. b3 Rcc8 27. Rc3 b4 28. Rcc1 a5 29. Ne2 Qb7 30. Ng3 Bg6 31. Qd4 Rxc1 32. Rxc1 Rc8 33. Rc5 Bb1 34.
f5 exf5 35. Qxd5 Qxd5 36. Rxd5 Bxa2 37. Nxf5 Rc1+ 38. Kf2 Bxb3 39. Rxa5 Rc2+ 40. Kf3 Bc4 41. Ra8+ Kh7 42. Rb8 b3 43. Nd4 Rb2 44. Rc8 Bf1 45. g4 Rh2 46. Nxb3 Rxh3+ 47. Kf2 Bd3 48. Nd4 Be4 49. Rc7 Rh2+ 50. Kg3 Rg2+ 51. Kf4 Bd5 52. e6 fxe6 53. Re7 Rf2+ 54. Ke5 Rf6 55. e4 Bc4 56. Nc6 Rg6 57. Kf4 Be2 58. Ne5 Rf6+ 59. Ke3 Bd1 60. Nd7 Rg6 61. Nf8+ Kg8 62. Nxg6 Bxg4 63.
Nf4 h5 64. Nxe6 1-0

[Event "Late-Titled-Tuesday-Blitz-May-28-2024"]
[Site "Chess.com"]
[Date "2024.05.28"]
[Round "1"]
[White "GiorgianBarbosa"]
[Black "eljanov"]
[Result "1-0"]
[WhiteElo "2507"]
[BlackElo "2885"]
[TimeControl "180+1"]
[EndTime "14:08:22 PDT"]
[Termination "GiorgianBarbosa won on time"]

1. c4 e5 2. g3 Nf6 3. Bg2 d5 4.
cxd5 Nxd5 5. Nf3 Nc6 6. O-O Nb6 7. b3 Bd6 8. Bb2 O-O 9. d4 e4 10. Ne5 f5 11. Nxc6 bxc6 12. e3 Ba6 13. Re1 Nd5 14.
a3 Qe8 15. b4 Bd3 16. Nc3 h5 17. h4 a5 18. Qb3 Qf7 19. Nxd5 cxd5 20. bxa5 Rxa5 21.
a4 Rfa8 22. Bc3 Bc4 23. Qc2 R5a7 24. a5 Kh7 25. Bf1 Bxf1 26. Rxf1 g5 27. hxg5 Rg8 28. Kg2 Rxg5 29. Rh1 f4 30. exf4 Qxf4 31. Qe2 Qf5 32. Rh4 c6 33. Rah1 Kg6 34. Bd2 Qf3+ 35. Qxf3 exf3+ 36. Kxf3 Rf5+ 37. Ke2 Re7+ 38. Be3 c5 39. g4 Rf6 40.
gxh5+ Kh7 41. h6 c4 42. Rh5 Bf4 43. Rxd5 Rfe6 44. Rh3 Rc6 45. Rc5 Rxc5 46. dxc5 Bc7 47. Rh4 Bxa5 48. Rxc4 Bc7 49. c6 Re6 50. Rc3 Kg6 51. Rc2 Kf7 52. Kd3 Kg6 53. Rc4 Kh7 54. Kc2 Rf6 55. Kb3 Rf5 56. Ka4 Ra5+ 57. Kb4 Rf5 58. Rc5 Bd6 59. Kb5 Bxc5 60. Bxc5 Kxh6 61. c7 1-0